 Dungeon Crawl Stone Soup version 0.23.0 (webtiles) character file.

Game seed: 8609074540522514171

52 Elric the Skirmisher (level 3, -10/33 HPs)
             Began as a Minotaur Fighter on Feb 16, 2019.
             Killed by divine providence
             ... invoked by an orc priest
              (13 damage)
             ... on level 2 of the Dungeon.
             The game lasted 00:05:04 (1400 turns).

Elric the Skirmisher (Minotaur Fighter)             Turns: 1400, Time: 00:05:04

Health: -10/33     AC: 13    Str: 21    XL:     3   Next: 60%
Magic:  2/2        EV:  4    Int:  9    God:
Gold:   58         SH:  9    Dex:  9    Spells: 2/2 levels left

rFire    + . .     SeeInvis +   a - +0 long sword
rCold    . . .     Gourm    .   c - +0 shield
rNeg     . . .     Faith    .   j - +2 plate armour {rF+}
rPois    .         Spirit   .   (helmet restricted)
rElec    .         Reflect  .   (no cloak)
rCorr    .         Harm     .   (no gloves)
MR       .....                  (no boots)
Stlth    ..........             (no amulet)
HPRegen  0.11/turn              h - ring of see invisible
MPRegen  0.08/turn              i - +4 ring of intelligence

@: no status effects
A: retaliatory headbutt, horns 2
a: no special abilities


You were on level 2 of the Dungeon.
You were hungry.

You visited 1 branch of the dungeon, and saw 2 of its levels.

You collected 58 gold pieces.

Inventory:

Hand Weapons
 a - a +0 long sword (weapon)
Armour
 b - a +0 scale mail
 c - a +0 shield (worn)
 j - a +2 plate armour of fire resistance (worn)
Jewellery
 h - a ring of see invisible (left hand)
 i - a +4 ring of intelligence (right hand)
 k - an uncursed ring of positive energy {unknown}
 n - a cursed -3 ring of strength {unknown}
Scrolls
 e - 2 scrolls of identify {unknown}
 o - a scroll of enchant armour {unknown}
 p - a scroll of fear {unknown}
 q - a scroll of enchant weapon {unknown}
 r - a scroll of remove curse {unknown}
Potions
 d - a potion of might
 g - a potion of curing {unknown}
 l - a potion of ambrosia {unknown}
 m - a potion of degeneration {unknown}
Comestibles
 f - 4 rations


   Skills:
 * Level 4.2 Fighting
 * Level 3.3 Long Blades
 + Level 3.9 Armour
 + Level 1.2 Dodging
 + Level 4.0 Shields


You had 2 spell levels left.
You didn't know any spells.
Your spell library was empty.

Dungeon Overview and Level Annotations

Branches:
Dungeon (2/15)

Altars:


Innate Abilities, Weirdness & Mutations

You reflexively headbutt those who attack you in melee.
You have a pair of horns on your head.


Message History

You slash the orc priest!
You headbutt the orc priest, but do no damage.
The orc priest is heavily wounded.
The orc priest hits you but does no damage.
You barely miss the orc priest.
The orc priest is heavily wounded.
You block the orc priest's attack. x2; The orc wizard barely misses you.
The orc priest hits you but does no damage.
You slash the orc priest!
The orc priest is almost dead.
You block the orc priest's attack.
The orc wizard hits you but does no damage.
The orc priest hits you with a +0 hand axe.
The orc priest calls down the wrath of Beogh upon you.
Beogh smites you!
* * * LOW HITPOINT WARNING * * *
The orc wizard hits you but does no damage.
The orc priest invokes the aid of Beogh against you.
Beogh smites you!
You die...

#.# ##+####
#.#####.....#
#...).+.....#
#.#####.....# ##'##
#.....# # #...#
#.....#
#.#...####o.o..#
#.#........o#
#.....#####@# #.....#
#.# #.....# #.#
#.#...# #.########
#...>.# #........#
#####.# ########.###
#.# #.....# ####.#
#.....#
##....##########.....#


You could see 2 orc priests and an orc wizard (invisible).

Vanquished Creatures
  An adder (D:2)
  An ooze (D:2)
  4 dart slugs
  2 giant cockroaches (D:1)
  2 goblins (D:1)
  5 hobgoblins (D:1)
  3 bats
  A frilled lizard (D:1)
  7 kobolds
  6 rats
32 creatures vanquished.

Notes
Turn   | Place    | Note
-------+----------+-------------------------------------------
     0 | D:1      | Elric the Minotaur Fighter began the quest for the Orb.
     0 | D:1      | Reached XP level 1. HP: 19/19 MP: 0/0
   443 | D:1      | Reached XP level 2. HP: 27/27 MP: 1/1
   923 | D:1      | Reached skill level 1 in Dodging
   928 | D:1      | Reached XP level 3. HP: 33/33 MP: 2/2
  1400 | D:2      | Killed from afar by an orc priest

Skill      XL: |  1  2  3 |
---------------+----------+-----
Fighting       | 4 |  4.2
Long Blades    | 3 |  3.3
Dodging        | 1 |  1.2
Shields        | 4 |  4.0
Armour         | |  3.9

Action                   || total
-------------------------++-------
Melee: Long sword        ||    94
       Headbutt          ||    18
  Eat: Chunk             ||     1
Armor: Scale mail        ||    31
       Plate armour      ||    21
Dodge: Dodged            ||    17
Block: Shield            ||    58
       Rpst.: Long sword ||     3
